 Dungeon Crawl Stone Soup version 0.20.1-1-g8b1a95d (webtiles) character file.

168354 Gremour the Fencer (level 17, -2/211 HPs)
             Began as a Minotaur Fighter on Nov 8, 2017.
             Was the Champion of Qazlal.
             Hit by a javelin thrown by a merfolk javelineer (19 damage)
             ... on level 4 of the Shoals on Nov 9, 2017.
             The game lasted 03:36:58 (25802 turns).

Gremour the Fencer (Minotaur Fighter)              Turns: 25802, Time: 03:36:59

Health: -2/211     AC: 28    Str: 28    XL:     17   Next: 33%
Magic:  9/23       EV:  2    Int:  7    God:    Qazlal [******]
Gold:   1387       SH: 24    Dex: 24    Spells: 22/26 levels left

rFire    + . .     SeeInvis .   b - +6 scimitar (flame)
rCold    + . .     Gourm    +   Q - +0 shield
rNeg     + + +     Faith    .   (armour currently unavailable)
rPois    +         Spirit   .   (helmet currently unavailable)
rElec    .         Reflect  .   (cloak currently unavailable)
rCorr    .         Harm     .   (gloves currently unavailable)
MR       ++++.     NoTele   +   (boots currently unavailable)
Stlth    +.........             j - amulet of Ytogeun {Gourm rN++ Dex+10}
Regen    0.0/turn               L - ring of the Distant Future {MR+ Str+4}
MPRegen  0.2/turn               s - ring of Wimonoq {rPois rF+ rC+ Dex+2}

@: tree-form, very slightly contaminated, invisible, repel missiles
A: (retaliatory headbutt), rugged brown scales 1, frail 1, magic resistance 2,
screaming 1, inhibited regeneration, no potion heal 1
a: Upheaval, Elemental Force, Disaster Area, Renounce Religion


You were on level 4 of the Shoals.
You worshipped Qazlal.
Qazlal was exalted by your worship.
You were completely stuffed.
You were a tree.
You visited 5 branches of the dungeon, and saw 28 of its levels.

You collected 2596 gold pieces.
You spent 1209 gold pieces at shops.

Inventory:

Hand Weapons
 a - the +4 scimitar of Isujir {holy, MR+ MP+9 Str+2}
   (You found it on level 10 of the Dungeon)

   It has been blessed by the Shining One to cause great damage to the undead
   and demons.
   It affects your strength (+2).
   It affects your resistance to hostile enchantments.
   It affects your magic capacity (+9).
 b - a +6 scimitar of flaming (weapon)
Missiles
 u - 6 poisoned javelins (quivered)
 N - 4 javelins of penetration
Armour
 f - a +1 hat of intelligence (melded)
 o - a +0 pair of boots (melded)
 p - a +0 cloak of magic resistance (melded)
 q - a +2 pair of gloves (melded)
 Q - a +0 shield (worn)
 Z - the +5 plate armour of the Turtle (melded) {rC+ Regen+ Str+4}
   (You found it on level 6 of the Lair of Beasts)

   It affects your strength (+4).
   It protects you from cold.
   It increases your rate of regeneration.
Jewellery
 j - the amulet of Ytogeun (around neck) {Gourm rN++ Dex+10}
   (You bought it in a shop on level 4 of the Dungeon)

   [amulet of the gourmand]

   It allows you to eat raw meat even when not hungry.
   It affects your dexterity (+10).
   It greatly protects you from negative energy.
 s - the ring of Wimonoq (right branch) {rPois rF+ rC+ Dex+2}
   (You found it on level 6 of the Lair of Beasts)

   [ring of protection from cold]

   It affects your dexterity (+2).
   It protects you from fire.
   It protects you from cold.
   It protects you from poison.
 E - an uncursed ring of resist corrosion
 L - the ring of the Distant Future (left branch) {MR+ Str+4}
   (You found it on level 7 of the Dungeon)

   [ring of protection from magic]

   It affects your strength (+4).
   It affects your resistance to hostile enchantments.
Wands
 k - a wand of confusion (21/48)
 t - a wand of iceblast (11/15)
 x - a wand of flame (34/48)
 z - a wand of paralysis (5/24)
 B - a wand of acid (13/15)
 K - a wand of digging (8/24)
Scrolls
 c - 2 scrolls of magic mapping
 d - 7 scrolls of teleportation
 h - 12 scrolls of remove curse
 i - 2 scrolls of identify
 l - a scroll of recharging
 r - a scroll of torment
 w - a scroll of immolation
 y - 3 scrolls of brand weapon
 A - 2 scrolls of vulnerability
 H - 4 scrolls of amnesia
 I - a scroll of enchant weapon
 O - 3 scrolls of fear
 X - a scroll of blinking
Potions
 e - 6 potions of brilliance
 g - a potion of might
 m - 4 potions of curing
 U - 4 potions of lignification
Miscellaneous
 G - a sack of spiders
 V - a phial of floods
Comestibles
 n - 5 chunks of flesh
 C - a royal jelly
 D - a meat ration
 M - 36 fruits


   Skills:
 + Level 14.1 Fighting
 + Level 18.6 Long Blades
 * Level 4.0 Throwing
 * Level 12.6 Armour
 * Level 11.2 Dodging
 + Level 16.2 Shields
 + Level 5.1 Spellcasting
 * Level 5.4 Summonings
 + Level 3.2 Translocations
 + Level 6.4 Invocations
 + Level 6.0 Evocations


You had 22 spell levels left.
You knew the following spells:

 Your Spells              Type           Power        Failure   Level  Hunger
b - Blink                 Tloc           N/A          11%         2    ###....
i - Call Imp              Summ           #.......     4%          2    ###....


Dungeon Overview and Level Annotations

Branches:
Dungeon (15/15)            Temple (1/1) D:7            Lair (6/6) D:8
 Shoals (4/4) Lair:2       Spider (0/4) Lair:4        Slime (0/5) Lair:6
    Orc (2/2) D:9             Elf (0/3) Orc:2        Vaults (0/5) D:13
 Depths (0/5) D:15

Altars:
Ashenzari
Cheibriados
Dithmenos
Elyvilon
Fedhas
Gozag
Hepliaklqana
Kikubaaqudgha
Makhleb
Nemelex Xobeh
Okawaru
Qazlal
Ru
Sif Muna
Trog
Uskayaw
Vehumet
Xom
Yredelemnul
Zin
The Shining One
Jiyva

Shops:
D:4 =   D:7 (   D:11 }*}!   D:12 [(([   Orc:2 ([?*   Shoals:1 (   Shoals:3 *

Annotations:
D:4 685 - gourm+10dex
D:6 2 transporters
D:12 232 blue boots
Lair:2 hidden area, exclusion: oklob plant
Shoals:1 1475 sword


Innate Abilities, Weirdness & Mutations

((You reflexively headbutt those who attack you in melee.))
((You have a pair of horns on your head.))
((You have sharp toenails.))
((You are mostly covered in molten scales. (AC +3)))
(You are partially covered in rugged brown scales. (AC +1, +3% HP))
((Armour fits poorly on your strangely shaped body.))
You are frail. (-10% HP)
You are highly resistant to hostile enchantments. (MR++)
((Your system is resistant to poisons. (rPois)))
You occasionally shout uncontrollably at your foes.
You do not regenerate when monsters are visible.
Potions are less effective at restoring your health.


Message History

Unknown command.
You feel yourself slow down.
The merfolk throws a tomahawk.
The tomahawk hits your water elemental!
Your water elemental is destroyed!
Unknown command.
Throwing (i - inventory. (,) - cycle):
u - 7 poisoned javelins (quivered)
Press: ? - help, Shift-Dir - straight line, f/p - merfolk javelineer
Aim: a merfolk javelineer, wielding a spear of piercing and wearing a leather armour (moderately wounded)
You throw a poisoned javelin.
The poisoned javelin hits the merfolk javelineer!!
The merfolk javelineer looks as sick as possible!
The merfolk javelineer is severely wounded.
The merfolk javelineer throws a javelin.
You block the javelin.
The merfolk throws a tomahawk.
You block the tomahawk.
The merfolk throws a tomahawk.
The tomahawk hits your water elemental but does no damage.
Your water elemental completely misses the merfolk.
The merfolk javelineer throws a javelin.
The javelin hits you!!
You die...

≈≈≈≈≈≈≈≈≈≈≈≈≈≈≈≈≈≈≈≈≈≈≈≈≈
..≈≈≈≈≈≈≈≈≈≈≈≈≈≈≈≈≈≈≈≈≈≈≈≈
≈≈≈≈≈≈≈≈(....[≈≈≈...≈≈≈≈≈≈≈
≈≈≈≈≈...†.....≈≈≈...≈≈≈≈≈≈≈
.####≈...(......≈≈......≈≈≈≈≈≈
.#....##......(...≈...≈≈≈≈≈≈≈≈≈≈
#..#..≈##..(.)...)..≈≈÷≈≈≈≈≈≈≈≈≈
....E≈#≈≈##....§§§§.###).≈≈≈≈≈≈≈≈
#.#.≈#m#≈≈#...§§♣..)##..≈≈≈≈≈≈≈≈≈
..≈#≈≈E..#.).§(.§§)(...≈.≈≈≈≈≈≈≈
#≈≈≈.#.#..E.§§§≈≈≈)..≈...≈≈≈≈≈
#≈≈#≈.≈..........≈≈≈..≈...≈≈≈≈≈≈
##≈..#≈≈#m.mE....≈≈≈≈≈≈.≈≈≈≈≈≈≈≈
##≈≈≈≈#.m.m...≈≈≈≈≈≈≈≈≈≈≈≈≈≈≈≈≈
####≈≈(.≈≈≈≈≈≈≈≈≈≈≈≈≈≈≈≈≈≈≈≈≈≈
≈≈≈≈≈≈≈≈≈≈≈≈≈≈≈≈≈≈≈≈≈≈≈≈≈≈≈
≈≈≈≈≈≈≈≈≈≈≈≈≈≈≈≈≈≈≈≈≈≈≈≈≈≈≈≈≈


You could see a merfolk javelineer, 3 merfolk, a friendly water elemental and a
friendly fire elemental.

Vanquished Creatures
  Nikola (Shoals:1)
  Rupert (Lair:5)
  Ilsuiw (Shoals:4)
  Nessos (D:13)
  8 merfolk impalers
  9 merfolk javelineers
  4 ogre magi (Orc:2)
  A rakshasa (D:15)
  Josephine (Orc:1)
  The ghost of veneficus the Grappler, a journeyman DrTm of Makhleb (Lair:2)
  7 hydras
  An alligator snapping turtle (Shoals:2)
  2 merfolk avatars
  3 centaur warriors (D:13)
  6 merfolk aquamancers
  Erica (Lair:1)
  A death knight (D:15)
  17 two-headed ogres
  4 death yaks
  A titan zombie (D:15)
  The ghost of keglanek the Cutter, a novice DrBe of Trog (Lair:1)
  22 sea snakes
  9 skeletal warriors
  3 unseen horrors
  A necromancer (D:15)
  A golden dragon skeleton (D:15)
  10 harpies
  An orc knight (D:13)
  A phantasmal warrior (D:15)
  An orc sorcerer (Orc:2)
  3 fauns
  14 manticores
  5 cyclopes
  16 ugly things
  3 elephants (Lair:2)
  7 black mambas
  A frost giant skeleton (D:15)
  6 centaur zombies
  14 merfolk sirens
  6 water nymphs
  A torpor snail (Lair:3)
  2 gargoyles
  A water nymph (shapeshifter) (D:14)
  34 spiny frogs
  6 centaur skeletons
  A kobold demonologist (D:13)
  12 komodo dragons
  A rime drake (Lair:5)
  A guardian mummy (D:15)
  A yaktaur (D:13)
  2 efreet (D:14)
  26 merfolk
  2 trolls
  A polar bear (Lair:3)
  3 tyrant leeches (Lair:6)
  4 wind drakes
  5 hornets
  12 hippogriffs
  5 slime creatures
  23 blink frogs
  7 snapping turtles
  4 dream sheep (Shoals:2)
  2 vampires
  A centaur simulacrum (D:14)
  A spriggan skeleton (D:15)
  19 water elementals
  A shadow (D:12)
  45 yaks
  A spriggan (D:8)
  2 fire elementals
  4 basilisks
  A tarantella (Lair:4)
  5 wraiths
  3 wyverns
  A steam dragon (D:13)
  2 hungry ghosts
  11 vampire mosquitoes
  20 water moccasins
  2 acid dragons (D:11)
  4 porcupines
  3 sky beasts
  12 orc warriors
  6 ice beasts
  2 black bears
  33 ogres
  A phantom (D:11)
  25 centaurs
  11 crocodiles
  6 big kobolds
  21 bullfrogs
  A scorpion (D:7)
  4 killer bees
  5 wights (D:11)
  5 electric eels
  5 howler monkeys
  2 bullfrog zombies
  7 crimson imps
  A quasit (D:6)
  9 orc priests
  A bullfrog skeleton (D:10)
  7 jellies
  Crazy Yiuf (D:6)
  A gnoll shaman (D:5)
  14 hounds
  17 orc wizards
  Jessica (D:2)
  Ijyb (D:4)
  Natasha (D:4)
  7 worker ants
  2 killer bee zombies
  2 hound skeletons
  3 howler monkey zombies (D:5)
  A worker ant zombie (D:9)
  19 gnolls
  12 adders
  3 shadow imps
  An adder skeleton (D:5)
  2 adder zombies
  A worm (D:4)
  2 dart slugs
  5 leopard geckos
  60 orcs
  7 bats
  6 giant cockroaches
  6 goblins
  7 hobgoblins
  6 jackals
  12 kobolds
  5 quokkas
  5 ball pythons
  4 frilled lizards
  2 rats
  A fungus (Lair:3)
  A plant (Lair:6)
860 creatures vanquished.

Vanquished Creatures (collateral kills)
  A merfolk (Shoals:4)
  A water elemental (Shoals:4)
  An electric eel (Lair:6)
3 creatures vanquished.

Vanquished Creatures (others)
  A sea snake (Shoals:3)
  A merfolk (Shoals:1)
  A snapping turtle (Shoals:1)
  A vampire mosquito (D:14)
  An orc (Orc:2)
  3 bushes
  11 fungi
  45 plants
64 creatures vanquished.

Grand Total: 927 creatures vanquished

Notes
Turn   | Place    | Note
-------+----------+-------------------------------------------
     0 | D:1      | Gremour the Minotaur Fighter began the quest for the Orb.
     0 | D:1      | Reached XP level 1. HP: 19/19 MP: 0/0
   177 | D:1      | Reached skill level 3 in Long Blades
   276 | D:1      | Reached XP level 2. HP: 27/27 MP: 1/1
   684 | D:2      | Reached skill level 4 in Long Blades
   684 | D:2      | Reached XP level 3. HP: 27/33 MP: 2/2
   695 | D:2      | Reached skill level 5 in Long Blades
   914 | D:2      | Noticed Jessica
   925 | D:2      | Killed Jessica
   925 | D:2      | Reached XP level 4. HP: 39/40 MP: 3/3
  1402 | D:3      | Reached skill level 6 in Long Blades
  1419 | D:3      | Reached XP level 5. HP: 33/46 MP: 4/4
  1743 | D:3      | Reached skill level 7 in Long Blades
  2208 | D:4      | Noticed Ijyb
  2231 | D:4      | Killed Ijyb
  2231 | D:4      | Reached XP level 6. HP: 41/52 MP: 5/5
  2337 | D:4      | Found a radiant altar of Vehumet.
  2339 | D:4      | Found a hazy altar of Hepliaklqana.
  2376 | D:4      | Found Pireacex's Jewellery Boutique.
  2383 | D:4      | Noticed Natasha
  2448 | D:4      | Reached skill level 8 in Long Blades
  2847 | D:5      | Entered Level 5 of the Dungeon
  2854 | D:5      | Reached skill level 9 in Long Blades
  2856 | D:5      | Reached XP level 7. HP: 52/58 MP: 6/6
  2935 | D:5      | Learned a level 2 spell: Call Imp
  3194 | D:5      | Reached skill level 10 in Long Blades
  3234 | D:5      | Found a bloodstained altar of Trog.
  3703 | D:6      | Found a transporter.
  3725 | D:6      | Reached skill level 11 in Long Blades
  3727 | D:6      | Reached XP level 8. HP: 27/66 MP: 7/7
  4000 | D:6      | Found a transporter.
  4111 | D:6      | Found a runed door.
  4115 | D:6      | Noticed Crazy Yiuf
  4122 | D:6      | Killed Crazy Yiuf
  4279 | D:6      | Found a hide-covered altar of Uskayaw.
  4447 | D:6      | Reached skill level 12 in Long Blades
  4703 | D:7      | Noticed a hippogriff
  4716 | D:7      | Killed a hippogriff
  4716 | D:7      | Reached skill level 13 in Long Blades
  4950 | D:7      | Reached XP level 9. HP: 50/71 MP: 8/8
  5020 | D:7      | Found a staircase to the Ecumenical Temple.
  5040 | Temple   | Entered the Ecumenical Temple
  5059 | Temple   | Became a worshipper of Qazlal Stormbringer
  5432 | D:7      | Got a steaming iron ring
  5446 | D:7      | Found a blossoming altar of Fedhas.
  5446 | D:7      | Found a shimmering altar of Xom.
  5512 | D:7      | Reached skill level 14 in Long Blades
  5554 | D:7      | Found Jiomukle's Weapon Emporium.
  5626 | D:8      | Identified the ring of the Distant Future {MR+ Str+4} (You found it on level 7 of the Dungeon)
  5636 | D:8      | Noticed a two-headed ogre
  5642 | D:8      | Killed a two-headed ogre
  5700 | D:8      | Reached skill level 15 in Long Blades
  5971 | D:8      | Noticed a troll
  5988 | D:8      | Killed a troll
  6152 | D:8      | Found a staircase to the Lair.
  6196 | D:8      | Paralysed by a hornet for 3 turns
  6510 | D:8      | Found a deep blue altar of Sif Muna.
  6628 | D:8      | Reached skill level 16 in Long Blades
  7074 | D:9      | Reached XP level 10. HP: 71/78 MP: 9/9
  7232 | D:9      | Reached * piety under Qazlal
  7359 | D:9      | Gained mutation: Your muscles are strong. (Str +2) [mutagenic meat]
  7360 | D:9      | Gained mutation: You have large cloven feet. [mutagenic meat]
  7362 | D:9      | Gained mutation: Scrolls take you a little longer to read. [mutagenic meat]
  7363 | D:9      | Gained mutation: You passively map a small area around you. [mutagenic meat]
  7364 | D:9      | Lost mutation: Scrolls take you a little longer to read. [mutagenic meat]
  7522 | D:9      | Found a staircase to the Orcish Mines.
  7553 | D:9      | Noticed a two-headed ogre
  7653 | D:10     | Entered Level 10 of the Dungeon
  7919 | D:10     | Reached skill level 17 in Long Blades
  7947 | D:10     | Reached ** piety under Qazlal
  8045 | D:10     | Noticed a two-headed ogre
  8055 | D:10     | HP: 1/78 [two-headed ogre/dire flail (12)]
  8072 | D:10     | HP: 2/78 [two-headed ogre/dire flail (13)]
  8375 | D:10     | Killed a two-headed ogre
  8398 | D:10     | Found a viscous altar of Jiyva.
  8412 | D:10     | Noticed a two-headed ogre
  8589 | D:10     | Reached skill level 18 in Long Blades
  8602 | D:10     | Killed a two-headed ogre
  8602 | D:10     | Reached skill level 1 in Dodging
  8602 | D:10     | Reached skill level 1 in Invocations
  8619 | D:10     | Got a crude scimitar
  8620 | D:10     | Identified the +4 scimitar of Isujir {holy, MR+ MP+9 Str+2} (You found it on level 10 of the Dungeon)
  8744 | D:11     | Found Xohekunn's Assorted Antiques.
  8757 | D:11     | Found Qywavoh's Distillery.
  8785 | D:11     | Found Ystuaman's Gadget Shop.
  8807 | D:11     | Noticed a green ugly thing
  8812 | D:11     | Noticed a red ugly thing
  9215 | D:11     | Reached XP level 11. HP: 80/85 MP: 11/11
  9353 | D:11     | Lost mutation: You passively map a small area around you. [potion of mutation]
  9353 | D:11     | Lost mutation: Your muscles are strong. (Str +2) [potion of mutation]
  9353 | D:11     | Lost mutation: You have large cloven feet. [potion of mutation]
  9353 | D:11     | Gained mutation: You expend magic power (3 MP) to strengthen your wands. [potion of mutation]
  9353 | D:11     | Gained mutation: You are agile. (Dex +2) [potion of mutation]
  9353 | D:11     | Gained mutation: You passively map a small area around you. [potion of mutation]
  9488 | D:11     | Reached skill level 5 in Fighting
  9488 | D:11     | Reached skill level 5 in Armour
  9662 | D:4      | Killed Natasha
  9679 | D:4      | Bought the amulet of Ytogeun {Gourm rN++ Dex+10} for 685 gold pieces
 10034 | Lair:1   | Entered Level 1 of the Lair of Beasts
 10196 | Lair:1   | Noticed a five-headed hydra
 10203 | Lair:1   | Killed a nine-headed hydra
 10253 | Lair:1   | Reached skill level 5 in Shields
 10301 | Lair:1   | Noticed Erica
 10308 | Lair:1   | Killed Erica
 10314 | Lair:1   | Noticed keglanek's ghost (novice DrBe)
 10328 | Lair:1   | Killed keglanek's ghost
 10912 | Lair:2   | Learned a level 2 spell: Blink
 10938 | Lair:2   | Reached skill level 1 in Evocations
 10943 | Lair:2   | Noticed veneficus's ghost (journeyman DrTm)
 10956 | Lair:2   | Killed veneficus's ghost
 11020 | Lair:2   | Noticed an oklob plant
 11157 | Lair:2   | Reached skill level 1 in Spellcasting
 11186 | Lair:2   | Reached XP level 12. HP: 46/100 MP: 13/13
 11459 | Lair:2   | Reached skill level 5 in Dodging
 11627 | Lair:2   | Found a staircase to the Shoals.
 11840 | Lair:3   | Reached skill level 1 in Summonings
 12115 | Lair:3   | Reached *** piety under Qazlal
 12294 | Lair:3   | Lost mutation: You expend magic power (3 MP) to strengthen your wands. [potion of mutation]
 12294 | Lair:3   | Gained mutation: You are dopey. (Int -2) [potion of mutation]
 12294 | Lair:3   | Gained mutation: You are weak. (Str -2) [potion of mutation]
 12294 | Lair:3   | Gained mutation: You do not regenerate when monsters are visible. [potion of mutation]
 12294 | Lair:3   | Gained mutation: You are very agile. (Dex +4) [potion of mutation]
 12473 | Lair:3   | Noticed a death yak
 12489 | Lair:3   | Killed a death yak
 12604 | Lair:3   | Lost mutation: You passively map a small area around you. [potion of mutation]
 12604 | Lair:3   | Lost mutation: You are weak. (Str -2) [potion of mutation]
 12604 | Lair:3   | Lost mutation: You are dopey. (Int -2) [potion of mutation]
 12604 | Lair:3   | Gained mutation: Your muscles are strong. (Str +2) [potion of mutation]
 12604 | Lair:3   | Gained mutation: You are partially covered in thin metallic scales. (AC +2) [potion of mutation]
 12604 | Lair:3   | Gained mutation: You are resistant to electric shocks. (rElec) [potion of mutation]
 12817 | Lair:4   | Noticed a six-headed hydra
 12822 | Lair:4   | Killed a three-headed hydra
 13107 | Lair:4   | Found a hole to the Spider Nest.
 13123 | Lair:4   | Reached **** piety under Qazlal
 13188 | Lair:4   | Got a crude ring mail
 13206 | Lair:4   | Identified the +7 ring mail "Leellib" {Str+4 Dex+2} (You found it on level 4 of the Lair of Beasts)
 13582 | Lair:5   | Reached XP level 13. HP: 97/112 MP: 15/15
 13763 | Lair:5   | Reached skill level 10 in Fighting
 13792 | Lair:5   | Noticed Rupert
 13820 | Lair:5   | Killed Rupert
 13820 | Lair:5   | Reached skill level 1 in Translocations
 13820 | Lair:5   | Reached skill level 5 in Invocations
 14504 | Lair:5   | Reached skill level 10 in Shields
 14533 | Lair:6   | Entered Level 6 of the Lair of Beasts
 14713 | Lair:6   | Found a viscous altar of Jiyva.
 14714 | Lair:6   | Found a staircase to the Slime Pits.
 14906 | Lair:6   | Reached ***** piety under Qazlal
 15086 | Lair:6   | Reached XP level 14. HP: 80/124 MP: 17/17
 15319 | Lair:6   | Got a translucent plate armour
 15343 | Lair:6   | Got a steaming golden ring
 15345 | Lair:6   | Identified the Reference Book on Ghastly Dislocation
 15386 | Lair:6   | Identified the +5 plate armour of the Turtle {rC+ Regen+ Str+4} (You found it on level 6 of the Lair of Beasts)
 15971 | Lair:1   | Identified the ring of Wimonoq {rPois rF+ rC+ Dex+2} (You found it on level 6 of the Lair of Beasts)
 16046 | Orc:1    | Entered Level 1 of the Orcish Mines
 16194 | Orc:2    | Entered Level 2 of the Orcish Mines
 16194 | Orc:2    | Noticed Josephine
 16278 | Orc:1    | Killed Josephine
 16584 | Orc:2    | Found a staircase to the Elven Halls.
 16713 | Orc:2    | Found Zufe's Antique Armour Shoppe.
 16713 | Orc:2    | Found Fecogruu's Assorted Antiques.
 16714 | Orc:2    | Found Kaureczaqa's Magic Scroll Shoppe.
 16714 | Orc:2    | Found Nadoggul's Antique Weapon Shop.
 16721 | Orc:2    | Bought a spiked cloak for 256 gold pieces
 16731 | Orc:2    | Identified the +0 cloak "Qeenlewuck" {Int-2 Dex+3} (You bought it in a shop on level 2 of the Orcish Mines)
 16744 | Orc:2    | Bought a scroll labeled WIORISOMEG for 25 gold pieces
 16746 | Orc:2    | Bought a bloodstained ring mail for 243 gold pieces
 16756 | Orc:2    | Identified the +8 ring mail of Understanding {Str+2} (You bought it in a shop on level 2 of the Orcish Mines)
 17543 | Orc:1    | Found a radiant altar of Vehumet.
 17700 | Shoals:1 | Entered Level 1 of the Shoals
 17729 | Shoals:1 | Noticed Nikola
 17734 | Shoals:1 | Reached skill level 10 in Armour
 17745 | Shoals:1 | Reached skill level 5 in Evocations
 17765 | Shoals:1 | Killed Nikola
 17765 | Shoals:1 | Reached XP level 15. HP: 101/132 MP: 19/19
 17835 | Shoals:1 | Found Apritesk's Weapon Emporium.
 17954 | Shoals:1 | Reached ****** piety under Qazlal
 17972 | Shoals:1 | Got a heavily jewelled robe
 18093 | Lair:2   | Identified the +1 robe of Claustrophobia {rF+ Dex+6} (You found it on level 1 of the Shoals)
 18237 | D:11     | Found Hoick's Gadget Boutique.
 18447 | D:11     | Lost mutation: Your muscles are strong. (Str +2) [mutagenic meat]
 18448 | D:11     | Gained mutation: Potions are less effective at restoring your health. [mutagenic meat]
 18731 | D:12     | Found Nivic's Weapon Shop.
 18950 | D:12     | Gained mutation: Your mind is acute. (Int +2) [mutagenic meat]
 18951 | D:12     | Lost mutation: You are very agile. (Dex +4) [mutagenic meat]
 18953 | D:12     | Gained mutation: Your mind is very acute. (Int +4) [mutagenic meat]
 18956 | D:12     | Found Jiudile's Antique Armour Boutique.
 19045 | D:12     | Found Koffag's Antique Weapon Shop.
 19120 | D:12     | Found Qygrone's Antique Armour Boutique.
 19337 | D:13     | Noticed Nessos
 19360 | D:13     | Killed Nessos
 19816 | D:13     | Got a twisted fustibalus {velocity}
 19933 | D:13     | Identified the cursed +3 fustibalus of Currency {velocity, Dex+3} (You took it off a big kobold on level 13 of the Dungeon)
 19999 | D:13     | Lost mutation: Your mind is very acute. (Int +4) [potion of mutation]
 19999 | D:13     | Lost mutation: You are partially covered in thin metallic scales. (AC +2) [potion of mutation]
 19999 | D:13     | Gained mutation: Your magical capacity is low. (-10% MP) [potion of mutation]
 19999 | D:13     | Gained mutation: You are partially covered in rugged brown scales. (AC +1, +3% HP) [potion of mutation]
 20017 | D:13     | Found a gate to the Vaults.
 21229 | D:14     | Gained mutation: You are resistant to hostile enchantments. (MR+) [mutagenic meat]
 21368 | D:14     | Gained mutation: You are partially covered in molten scales. (AC +2) [mutagenic meat]
 21369 | D:14     | Lost mutation: Your magical capacity is low. (-10% MP) [mutagenic meat]
 21370 | D:14     | Gained mutation: You are mostly covered in molten scales. (AC +3) [mutagenic meat]
 21457 | D:15     | Entered Level 15 of the Dungeon
 21516 | D:15     | Gained mutation: You have sharp toenails. [mutagenic meat]
 21517 | D:15     | Lost mutation: You are resistant to electric shocks. (rElec) [mutagenic meat]
 21518 | D:15     | Gained mutation: You occasionally shout uncontrollably at your foes. [mutagenic meat]
 21525 | D:15     | Lost mutation: You have sharp toenails. [mutagenic meat]
 21563 | D:15     | Reached XP level 16. HP: 135/147 MP: 22/22
 21578 | D:15     | Found a staircase to the Depths.
 21797 | D:15     | Lost mutation: Your mind is acute. (Int +2) [mutagenic meat]
 21798 | D:15     | Gained mutation: You have sharp toenails. [mutagenic meat]
 21802 | D:15     | Lost mutation: You are agile. (Dex +2) [mutagenic meat]
 21803 | D:15     | Gained mutation: Your system is resistant to poisons. (rPois) [mutagenic meat]
 21804 | D:15     | Gained mutation: Armour fits poorly on your strangely shaped body. [mutagenic meat]
 21877 | D:15     | Got a crude rapier
 21878 | D:15     | Identified the +3 rapier "Hoymyito" {flame, *Drain rPois rC+ Str+4} (You found it on level 15 of the Dungeon)
 21961 | D:15     | Reached skill level 5 in Spellcasting
 22148 | D:15     | Gained mutation: You are highly resistant to hostile enchantments. (MR++) [mutagenic meat]
 22149 | D:15     | Gained mutation: You are frail. (-10% HP) [mutagenic meat]
 22384 | Lair:1   | Identified a scroll of acquirement
 22624 | Shoals:1 | Found a runed door.
 22687 | Shoals:1 | Reached skill level 15 in Shields
 22695 | Shoals:1 | Reached skill level 10 in Dodging
 22929 | Shoals:1 | Got an ichor-stained plate armour
 22947 | Shoals:1 | Identified the +2 plate armour "Utinokhe" {rPois rF+ Int+4 Dex-5} (You found it on level 1 of the Shoals)
 23320 | Shoals:2 | Reached skill level 1 in Throwing
 24658 | Shoals:3 | Found Taunk's General Store.
 24912 | Shoals:4 | Entered Level 4 of the Shoals
 25284 | Shoals:4 | Reached skill level 5 in Summonings
 25302 | Shoals:3 | Reached XP level 17. HP: 100/140 MP: 23/23
 25706 | Shoals:4 | Noticed Ilsuiw
 25772 | Shoals:4 | Killed Ilsuiw
 25779 | Shoals:4 | HP: 4/211 [merfolk impaler/trident of distortion (24)]
 25802 | Shoals:4 | Hit by a javelin thrown by a merfolk javelineer

Skill      XL: |  1  2  3  4  5  6  7  8  9 10 11 12 13 14 15 16 17 |
---------------+----------------------------------------------------+-----
Long Blades    | 3 4 5 6 7 9 11 13 16 18 | 18.6
Fighting       | 4 7 9 11 12 13 14 | 14.1
Armour         | 4 7 8 9 10 11 12 | 12.6
Dodging        | 1 4 6 7 8 9 10 11 | 11.2
Shields        | 4 6 8 10 12 14 15 16 | 16.2
Invocations    | 1 3 4 5 6 |  6.4
Evocations     | 1 2 4 5 6 |  6.0
Spellcasting   | 1 2 3 4 5 |  5.1
Summonings     | 2 3 4 5 |  5.4
Translocations | 2 3 |  3.2
Throwing       | 3 4 |  4.0

Action                   |  1- 3 |  4- 6 |  7- 9 | 10-12 | 13-15 | 16-18 || total
-------------------------+-------+-------+-------+-------+-------+-------++-------
Melee: Long sword        |    60 |   159 |   170 |       |       |       ||   389
       Headbutt          |    12 |    33 |    79 |   202 |   406 |   256 ||   988
       Scimitar          |       |       |   191 |   499 |  1000 |   651 ||  2341
Throw: Javelin           |       |       |       |       |       |    14 ||    14
 Cast: Blink             |       |       |       |       |       |     6 ||     6
Invok: Upheaval          |       |       |       |     2 |       |       ||     2
       Elemental Force   |       |       |       |     1 |     1 |     2 ||     4
       Disaster Area     |       |       |       |       |       |     1 ||     1
Evoke: Wand              |       |       |       |     2 |     6 |       ||     8
  Use: Scroll            |       |       |    13 |     8 |     6 |     7 ||    34
       Potion            |       |       |    11 |    12 |     4 |     8 ||    35
 Stab: Paralysed         |       |       |       |     4 |       |       ||     4
       Confused          |       |       |       |       |     1 |       ||     1
       Distracted        |       |       |       |       |       |     1 ||     1
  Eat: Chunk             |       |     5 |    13 |    30 |    47 |    27 ||   122
       Fruit             |       |     2 |       |     1 |       |       ||     3
Armor: Scale mail        |    17 |    35 |       |       |       |       ||    52
       Leather armour    |       |    12 |   103 |    43 |       |       ||   158
       Ring mail         |       |       |    37 |    73 |    26 |       ||   136
       Plate armour      |       |       |       |       |   121 |   194 ||   315
       Skin              |       |       |       |       |       |    14 ||    14
Dodge: Dodged            |    17 |    44 |    85 |   123 |   228 |   253 ||   750
       Deflected         |       |       |       |       |    13 |    58 ||    71
Block: Shield            |    30 |    79 |   166 |   276 |   810 |   844 ||  2205
       Rpst.: Long sword |    10 |    11 |    11 |       |       |       ||    32
       Scimitar          |       |       |     9 |    30 |    48 |    40 ||   127
